 Dungeon Crawl Stone Soup version 0.29.1 (webtiles) character file.

Game seed: 1815995499487902669

992 Iusername the Covered (level 7, -10/62 HPs)
             Began as a Minotaur Fighter on Sept 14, 2022.
             Was a Priest of Jiyva.
             Mangled by Duvessa
             ... wielding a +2 short sword of venom
              (11 damage)
             ... on level 6 of the Dungeon.
             The game lasted 00:13:10 (7589 turns).

Iusername the Covered (Minotaur Fighter)            Turns: 7589, Time: 00:13:12

Health: -10/62     AC: 13    Str: 22 (23) XL:     7   Next: 98%
Magic:  6/6        EV:  7    Int:  4 (5)  God:    Jiyva [***...]
Gold:   201        SH:  5    Dex: 12 (15) Spells: 6/6 levels left

rFire   . . .      SeeInvis .   a - +0 long sword
rCold   . . .      Faith    .   c - +0 buckler
rNeg    + . .      Spirit   .   D - +0 plate armour
rPois   .          Reflect  .   (helmet restricted)
rElec   +          Harm     .   (no cloak)
rCorr   +          Rampage  .   (no gloves)
Will    .....                   (no boots)
Stlth   ..........              (no amulet)
HPRegen 1.32/turn               C - ring "Vuog" {rElec rN+ Will- Dex+6}
MPRegen 0.45/turn               (no ring)

@: lethally poisoned (-10 -> -20)
A: horns 2, retaliatory headbutt
a: Renounce Religion, Oozemancy


You were on level 6 of the Dungeon.
You worshipped Jiyva.
Jiyva was most pleased with you.
You visited 1 branch of the dungeon, and saw 6 of its levels.
You also visited: Sewer.

You collected 201 gold pieces.

Inventory:

Hand Weapons
 a - a +0 long sword (weapon)
Armour
 c - a +0 buckler (worn)
 D - a +0 plate armour (worn)
Jewellery
 s - a ring of protection from fire
 A - a ring of ice
 C - the ring "Vuog" (left hand) {rElec rN+ Will- Dex+6}
   (You found it on level 4 of the Dungeon)

   [ring of dexterity]

   Dex:       It affects your dexterity (+6).
   rElec:     It insulates you from electricity.
   rN:        It protects you from negative energy.
   Will:      It decreases your willpower.
Wands
 q - a wand of roots (8)
Scrolls
 e - 2 scrolls of blinking {unknown}
 f - 3 scrolls of immolation {unknown}
 h - a scroll of summoning {unknown}
 i - 3 scrolls of identify {unknown}
 j - 2 scrolls of poison {unknown}
 k - a scroll of enchant weapon {unknown}
 m - a scroll of amnesia {unknown}
 r - a scroll of vulnerability {unknown}
 u - 2 scrolls of torment {unknown}
 x - 2 scrolls of enchant armour {unknown}
 y - a scroll of fear {unknown}
 B - a scroll of teleportation {unknown}
Potions
 d - a potion of might
 l - 2 potions of mutation {unknown}
 n - 2 potions of haste {unknown}
 o - a potion of degeneration
 p - a potion of berserk rage {unknown}
 t - 2 potions of lignification {unknown}
 v - 3 potions of ambrosia {unknown}
 w - 3 potions of flight {unknown}
 z - 4 potions of heal wounds {unknown}


   Skills:
 + Level 5.7 Fighting
 + Level 6.7 Long Blades
 + Level 7.1 Armour
 + Level 1.7 Dodging
 + Level 0.3 Stealth
 + Level 5.5 Shields


You had 6 spell levels left.
You didn't know any spells.
Your spell library contained the following spells:

 Spells                   Type           Power      Damage    Failure   Level
 Apportation              Tloc           0%         N/A       100%        1
 Necrotise                Necr           0%         1d4       100%        1
 Summon Small Mammal      Summ           0%         N/A       100%        1
 Static Discharge         Conj/Air       0%         3-3/arc   100%        2
 Ozocubu's Armour         Ice            0%         N/A       100%        3
 Dispel Undead            Necr           0%         3d6       100%        4
 Sticky Flame             Conj/Fire      0%         2d3       100%        4
 Ozocubu's Refrigeration  Ice            0%         4d7       100%        7


Dungeon Overview and Level Annotations

Branches:
Dungeon (6/15)             Temple (0/1) D:4           Sewer (visited)

Altars:
Hepliaklqana
Nemelex Xobeh
Yredelemnul

Annotations:
D:6 Duvessa


Innate Abilities, Weirdness & Mutations

You have a pair of horns on your head.
You reflexively headbutt those who attack you in melee.


Message History

You are lethally poisoned!
The orc wizard casts a spell at you.
You are confused.
The ice beast hits you but does no damage.
Dowan hits you but does no damage. Duvessa hits you but does no damage.
You feel better. Duvessa hits you but does no damage.
The orc wizard hits you with a +0 dagger.
* * * LOW HITPOINT WARNING * * *
The ice beast hits you but does no damage.
You block Dowan's attack.
You feel better. Duvessa hits you but does no damage.
You are poisoned.
The orc wizard hits you but does no damage.
The ice beast closely misses you. Dowan hits you with a +0 dagger.
You block Duvessa's attack.
You hit Duvessa.
Duvessa is heavily wounded.
You feel very sick.
Duvessa hits you with a +2 short sword of venom.
You are more poisoned.
The orc wizard barely misses you. The ice beast hits you.
* * * LOW HITPOINT WARNING * * *
The ice beast freezes you!
* * * LOW HITPOINT WARNING * * *
Dowan closely misses you. You furiously retaliate!
You headbutt Dowan!
You kill Dowan!
Duvessa weeps, and shakes her weapon.
Duvessa goes berserk!
Duvessa hits you with a +2 short sword of venom.
* * * LOW HITPOINT WARNING * * *
You are more poisoned.
The orc wizard hits you but does no damage.
The ice beast barely misses you.
It was a potion of degeneration.
There was something very wrong with that liquid.
You feel weakened.
You feel dopey.
You feel clumsy.
* * * LOW HITPOINT WARNING * * *
You feel very sick.
Duvessa hits you with a +2 short sword of venom!
You die...

~~..##.......# ..
~~~..#.......##..
~~~~.........#...
~~~............#
#.........#
##..<.....##
#.........#
#....)eo.##
##...Y@.##
##.....# ##...##
##(## .## .. .#
..


You could see Duvessa (berserk, fast), an ice beast and an orc wizard.

Vanquished Creatures
  Edmund (D:5)
  An ice beast (D:5)
  An ogre (D:5)
  A phantom (D:4)
  A kobold brigand (D:4)
  A bullfrog (D:4)
  Dowan (D:6)
  A howler monkey (D:5)
  A hound (D:5)
  A jelly (Sewer)
  An orc priest (D:3)
  2 iguanas (D:4)
  A gnoll (D:1)
  12 adders
  A river rat (Sewer)
  A shadow imp (D:5)
  2 white imps
  A worm (Sewer)
  5 dart slugs
  8 orcs
  8 endoplasms
  10 giant cockroaches
  6 goblins
  7 hobgoblins
  6 jackals (D:2)
  6 kobolds
  A quokka (D:1)
  9 ball pythons
  4 bats
  8 frilled lizards
  10 rats
119 creatures vanquished.

Vanquished Creatures (others)
  Sigmund (D:5)
  A centaur (D:5)
  3 jellies (D:5)
  An iguana (D:5)
  A dart slug (D:5)
  A kobold (D:4)
  A quokka (D:5)
  2 plants (D:5)
11 creatures vanquished.

Grand Total: 130 creatures vanquished

Notes
Turn   | Place    | Note
-------+----------+-------------------------------------------
     0 | D:1      | Iusername the Minotaur Fighter began the quest for the Orb.
     0 | D:1      | Reached XP level 1. HP: 19/19 MP: 0/0
   245 | D:1      | Reached XP level 2. HP: 16/27 MP: 1/1
   250 | D:1      | Reached skill level 4 in Armour
  1589 | D:1      | Reached XP level 3. HP: 33/33 MP: 2/2
  2506 | D:2      | Reached XP level 4. HP: 32/40 MP: 3/3
  2701 | D:2      | Found a faded altar of an unknown god.
  2899 | D:3      | Identified the +1 troll leather armour of Filth {Will+
                  | Regen+ rCorr Str+2}
  2999 | D:3      | Reached skill level 5 in Armour
  3334 | D:3      | Found a glowing drain.
  3341 | D:3      | Reached XP level 5. HP: 41/47 MP: 4/4
  3351 | Sewer    | Entered a sewer
  4755 | Sewer    | Found a viscous altar of Jiyva.
  4783 | Sewer    | Became a worshipper of Jiyva Joikh the Shapeless
  4920 | Sewer    | Reached XP level 6. HP: 52/53 MP: 5/5
  5087 | D:3      | Found a basalt altar of Yredelemnul.
  5140 | D:3      | Reached * piety under Jiyva
  5735 | D:4      | Found a staircase to the Ecumenical Temple.
  5886 | D:4      | Reached ** piety under Jiyva
  5898 | D:4      | Identified the ring "Vuog" {rElec rN+ Will- Dex+6}
  5914 | D:4      | Reached skill level 5 in Long Blades
  5926 | D:4      | Found a hazy altar of Hepliaklqana.
  5944 | D:4      | Found a transporter.
  5960 | D:4      | Found a transporter.
  5988 | D:4      | Reached skill level 6 in Armour
  5988 | D:4      | Reached skill level 1 in Dodging
  5990 | D:4      | Reached XP level 7. HP: 15/60 MP: 6/6
  6318 | D:5      | Entered Level 5 of the Dungeon
  6382 | D:5      | Reached skill level 5 in Fighting
  6382 | D:5      | Reached skill level 5 in Shields
  6533 | D:5      | Killed Sigmund
  6790 | D:5      | Noticed Edmund
  6809 | D:5      | Killed Edmund
  7024 | D:5      | Reached *** piety under Jiyva
  7055 | D:5      | Found a sparkling altar of Nemelex Xobeh.
  7137 | D:5      | Reached skill level 7 in Armour
  7568 | D:6      | Noticed Duvessa
  7568 | D:6      | Noticed Dowan
  7588 | D:6      | Killed Dowan
  7589 | D:6      | HP: 1/62 [poisoned by Duvessa]
  7589 | D:6      | Mangled by Duvessa

Illustrated notes

Levels and vault maps discovered:
D:1:      psy_arrival_whirlpool, layout_basic, minmay_three_crescents
D:2:      layout_loops_ring, hellmonk_ecumenical_altar_prayer_group
D:3:      layout_loops_cross, yredelemnul_altar_generic, portal_sewer_entry_d
D:4:      layout_basic, gammafunk_temple_overflow_arena,
          minmay_temple_entry_glassed_door
D:5:      layout_basic, nemelex_spade_bored_becter, sigmund_edmund_badplayer
D:6:      minmay_diamond_boxcup, layout_cave_pods,
          mainiacjoe_overflow_large_starburst, amcnicky_mini_pool_medium,
          uniq_duvessa, uniq_eustachio

Skill      XL: |  1  2  3  4  5  6  7 |
---------------+----------------------+-----
Armour         | 4 5 6 7 |  7.1
Fighting       | 4 5 |  5.7
Shields        | 4 5 |  5.5
Long Blades    | 3 4 5 6 |  6.7
Dodging        | 1 |  1.7
Stealth        | |  0.3

Action                   |  1- 3 |  4- 6 |  7- 9 || total
-------------------------+-------+-------+-------++-------
Melee: Long sword        |    99 |   161 |    74 ||   334
       Headbutt          |    16 |    27 |    12 ||    55
  Use: Potion            |       |     1 |     4 ||     5
Armor: Scale mail        |    81 |   116 |    12 ||   209
       Plate armour      |       |       |    27 ||    27
Dodge: Dodged            |    61 |    92 |    39 ||   192
Block: Buckler           |    28 |    42 |    22 ||    92
